 Dungeon Crawl Stone Soup version 0.19.0-2-gae57169 (webtiles) character file.

1964 AAAAA the Carver (level 9, -8/64 HPs)
             Began as a High Elf Artificer on Nov 5, 2016.
             Was an Initiate of Okawaru.
             Mangled by a killer bee (9 damage)
             ... on level 6 of the Dungeon.
             The game lasted 00:33:46 (10774 turns).

AAAAA the Carver (High Elf Artificer)              Turns: 10774, Time: 00:33:47

Health: -8/64      AC:  9    Str: 12    XL:     9   Next: 0%
Magic:  21/21      EV: 12    Int: 16    God:    Okawaru [......]
Gold:   375        SH:  0    Dex: 16    Spells: 0 memorised, 8 levels left

rFire  . . .     SeeInvis .     a - +0 long sword
rCold  + . .     Gourm    .     X - +2 leather armour {rC+}
rNeg   . . .     Faith    .     (no shield)
rPois  .         Spirit   .     (no helmet)
rElec  .         Reflect  .     z - +0 cloak (curse)
rCorr  .         Harm     .     D - +0 pair of gloves
MR     .....                    t - +1 pair of boots
Stlth  +++.......               K - amulet of rage
                                V - ring of magical power
                                C - -2 ring of strength (curse)

@: exhausted, very slightly contaminated, slowed, invisible, very slow
A: no striking features
a: Renounce Religion, Evoke Berserk Rage


You were on level 6 of the Dungeon.
You worshipped Okawaru.
Okawaru was noncommittal.
You were near starving.

You visited 2 branches of the dungeon, and saw 8 of its levels.
You also visited: Sewer.

You collected 375 gold pieces.

Inventory:

Hand Weapons
 a - a +0 long sword (weapon)
 J - a +3 quarterstaff of chaos
 P - a +2 vampiric dagger
 S - a +0 short sword
Missiles
 g - 12 poisoned needles
 o - 272 stones
 r - 2 tomahawks (quivered)
 H - 5 javelins
Armour
 b - a +0 leather armour
 l - a +0 ring mail
 t - a +1 pair of boots (worn)
 u - a +2 buckler of resistance
 z - a cursed +0 cloak (worn)
 D - a +0 pair of gloves (worn)
 U - a +0 cloak
 X - a +2 leather armour of cold resistance (worn)
Jewellery
 C - a cursed -2 ring of strength (left hand)
 I - an uncursed amulet of regeneration
 K - an amulet of rage (around neck)
 V - a ring of magical power (right hand)
Wands
 c - a wand of flame (3/48)
 d - a wand of enslavement (24/24)
 e - a wand of random effects (4/48)
 T - a wand of confusion (21/48)
Scrolls
 j - 5 scrolls of blinking
 k - a scroll of amnesia {unknown}
 p - a scroll of fog {unknown}
 q - 3 scrolls of magic mapping
 s - a scroll of summoning {unknown}
 v - 2 scrolls of remove curse {unknown}
 y - 2 scrolls of recharging
 A - 2 scrolls of enchant armour {unknown}
 E - a scroll of teleportation
 M - a scroll of fear {unknown}
 R - a scroll of immolation {unknown}
 W - a scroll of enchant weapon {unknown}
Potions
 i - 2 potions of flight {unknown}
 w - a potion of haste {unknown}
 B - a potion of agility {unknown}
 F - a potion of invisibility
 G - 2 potions of lignification {unknown}
 L - a potion of heal wounds {unknown}
 N - 2 potions of ambrosia {unknown}
 O - a potion of brilliance {unknown}
 Q - a potion of mutation {unknown}
Comestibles
 f - 7 bread rations
 m - 2 fruits
 n - a beef jerky
 x - 5 meat rations


   Skills:
 - Level 7.0 Fighting
 - Level 1.2(5.1) Short Blades
 - Level 8.0 Long Blades
 - Level 2.1 Dodging
 - Level 4.4 Stealth
 + Level 4.6 Shields
 - Level 3.0 Evocations


You had 8 spell levels left.
You didn't know any spells.

Dungeon Overview and Level Annotations

Branches:
Dungeon (7/15)             Temple (1/1) D:4

Altars:
Ashenzari
Cheibriados
Dithmenos
Elyvilon
Fedhas
Gozag
Hepliaklqana
Kikubaaqudgha
Makhleb
Nemelex Xobeh
Okawaru
Qazlal
Ru
Sif Muna
Trog
Vehumet
Xom
Yredelemnul
The Shining One

Annotations:
D:7 exclusion: hill giant


Message History

You strike the helpless killer bee from behind!
You hit the killer bee but do no damage.
The killer bee is heavily wounded.
There is a stone staircase leading up here.
The killer bee barely misses you.
You riposte.
You barely miss the killer bee. The killer bee closely misses you.
The killer bee stings you.
* * * LOW HITPOINT WARNING * * *
The killer bee stings you but does no damage.
The killer bee misses you.
You riposte.
You hit the killer bee.
The killer bee is almost dead.
The killer bee closely misses you. The killer bee barely misses you.
The killer bee closely misses you.
You climb upwards.
There is a stone staircase leading down here.
The killer bee stings you.
* * * LOW HITPOINT WARNING * * *
The killer bee stings you.
* * * LOW HITPOINT WARNING * * *
The killer bee stings you!
You die...

####### ##########
#.....# #........######
#.....###........#.....
#.......#........#.....
#.......#........#.....
#....y.................
###..>@y...............
#..y...#####.........
###'##.# #.........
#....#######.......
#####.##.#.............
#.....##.#.......##....
#.....##..........#..#.
#.....######...>..#....
#.....# #.........#.


You could see 3 killer bees.

Vanquished Creatures
  Edmund (D:4)
  An ice beast (D:6)
  A black bear (D:6)
  A phantom (D:5)
  A necrophage (D:5)
  A centaur (D:6)
  The ghost of Jerry the Ducker, an amateur OpMo (D:3)
  4 bullfrogs
  2 scorpions
  2 killer bees (D:7)
  A crimson imp (D:6)
  A bullfrog zombie (D:7)
  6 orc priests
  Crazy Yiuf (D:5)
  A hound (D:4)
  A bullfrog skeleton (D:7)
  A centaur skeleton (D:6)
  An iguana (D:5)
  Terence (D:3)
  3 worker ants
  14 adders
  3 river rats (D:5)
  A shadow imp (D:7)
  13 oozes
  An adder skeleton (D:6)
  3 worms
  A dart slug (D:2)
  13 leopard geckos
  13 orcs
  8 bats
  19 giant cockroaches
  13 goblins
  17 hobgoblins
  10 jackals
  9 kobolds
  A quokka (D:3)
  15 ball pythons
  16 frilled lizards
  A leopard gecko zombie (D:6)
  A quokka skeleton (D:4)
  14 rats
218 creatures vanquished.

Vanquished Creatures (others)
  A human (D:2)
1 creature vanquished.

Grand Total: 219 creatures vanquished

Notes
Turn   | Place    | Note
-------+----------+-------------------------------------------
     0 | D:1      | AAAAA the High Elf Artificer began the quest for the Orb.
     0 | D:1      | Reached XP level 1. HP: 13/13 MP: 4/4
   526 | D:1      | Reached XP level 2. HP: 15/18 MP: 5/5
  1245 | D:1      | Reached XP level 3. HP: 14/23 MP: 6/6
  2602 | D:2      | Reached XP level 4. HP: 28/28 MP: 7/7
  3204 | D:2      | Found an ancient bone altar of Kikubaaqudgha.
  3207 | D:2      | Noticed a human
  3207 | D:2      | Killed a human
  3803 | D:3      | Found a shadowy altar of Dithmenos.
  3809 | D:3      | Noticed Terence
  3872 | D:3      | Found a snail-covered altar of Cheibriados.
  3875 | D:3      | Found a burning altar of Makhleb.
  3877 | D:3      | Found a basalt altar of Yredelemnul.
  4252 | D:3      | Reached XP level 5. HP: 36/36 MP: 8/8
  4268 | D:3      | Noticed Jerry's ghost (amateur OpMo)
  4318 | D:3      | Noticed a sky beast
  4537 | D:3      | Killed Jerry's ghost
  4793 | D:3      | Killed Terence
  5474 | D:4      | Found a staircase to the Ecumenical Temple.
  5481 | Temple   | Entered the Ecumenical Temple
  5894 | D:4      | Noticed Edmund
  5910 | D:4      | Killed Edmund
  5910 | D:4      | Reached skill level 5 in Fighting
  5910 | D:4      | Reached XP level 6. HP: 38/45 MP: 9/9
  6920 | D:5      | Entered Level 5 of the Dungeon
  6942 | D:5      | Reached XP level 7. HP: 38/53 MP: 10/10
  7174 | D:5      | Found a glowing drain.
  7250 | Sewer    | Entered a sewer
  7687 | Sewer    | Reached skill level 1 in Long Blades
  7990 | Sewer    | Reached skill level 2 in Long Blades
  8207 | Sewer    | Reached skill level 3 in Long Blades
  8276 | Sewer    | Reached skill level 4 in Long Blades
  8393 | D:5      | Reached skill level 5 in Long Blades
  8570 | D:5      | Reached XP level 8. HP: 46/60 MP: 11/11
  8680 | D:5      | Found a runed door.
  8684 | D:5      | Noticed Crazy Yiuf
  8693 | D:5      | Paralysed by Crazy Yiuf for 6 turns
  8704 | D:5      | Killed Crazy Yiuf
  9169 | D:5      | Reached skill level 6 in Long Blades
  9612 | D:6      | Reached skill level 7 in Long Blades
  9874 | D:6      | Reached skill level 8 in Long Blades
  9922 | D:6      | Reached skill level 1 in Shields
 10178 | D:5      | Found an iron altar of Okawaru.
 10191 | D:5      | Became a worshipper of Warmaster Okawaru
 10619 | D:7      | Noticed a hill giant
 10751 | D:7      | Reached XP level 9. HP: 64/64 MP: 12/12
 10774 | D:6      | HP: 1/64 [killer bee (4)]
 10774 | D:6      | Mangled by a killer bee

Skill      XL: |  1  2  3  4  5  6  7  8 |
---------------+-------------------------+-----
Stealth        | 2 3 4 |  4.4
Fighting       | 3 5 6 7 |  7.0
Long Blades    | 5 8 |  8.0
Shields        | 4 |  4.6
Short Blades   | |  1.2
Dodging        | |  2.1
Evocations     | |  3.0

Action                   |  1- 3 |  4- 6 |  7- 9 || total
-------------------------+-------+-------+-------++-------
Melee: Short sword       |   228 |   302 |       ||   530
       Long sword        |       |     7 |   411 ||   418
Throw: Tomahawk          |     6 |     5 |     8 ||    19
       Stone             |       |     1 |       ||     1
 Abil: Evoke Berserk Rag |       |     2 |     1 ||     3
Evoke: Wand              |     5 |    13 |     7 ||    25
  Use: Scroll            |       |       |     9 ||     9
       Potion            |       |       |     4 ||     4
 Stab: Distracted        |     1 |     1 |     1 ||     3
       Sleeping          |     5 |     8 |    10 ||    23
       Confused          |       |     3 |       ||     3
       Invisible         |       |       |     1 ||     1
  Eat: Chunk             |     6 |    15 |    13 ||    34
Armor: Leather armour    |    67 |   115 |   172 ||   354
Dodge: Dodged            |   145 |   168 |   358 ||   671
       Rpst.: Long sword |       |     2 |   107 ||   109
